Map: Ever Dream LE

Players

reasOn

  • Race: Terran Terran
  • Spawn Location: 7:00

DarkSoul - Winner!

  • Race: Zerg Zerg
  • League: Gold
  • Spawn Location: 1:00

VOD

Have the link to the VOD?

Description

Time

  • Played on: March 28, 2020, 3:12 a.m.
  • Length: 16:45
Show
View Real Time Build Order
Export as new Build Order

reasOn Terran 

Build Orders:  

Get SALT Encoding   

  12  0:01  SCV  
  13  0:13  SCV  
  14  0:17  Supply Depot  
  14  0:25  SCV  
  15  0:39  SCV  
  15  0:42  Barracks  
  16  0:51  SCV  
  16  0:55  Barracks  
  17  1:03  SCV  
  18  1:08  Refinery  
  18  1:15  Supply Depot, SCV  
  19  1:27  SCV  
  19  1:31  Barracks  
  20  1:34  Marine  
  20  1:39  SCV  
  22  1:51  Orbital Command  
  22  1:54  Marine  
  22  1:55  Marine  
  24  2:05  Barracks  
  24  2:17  SCV  
  24  2:19  Marine x2  
  24  2:22  Barracks Tech Lab  
  27  2:27  Supply Depot  
  27  2:33  SCV  
  28  2:38  Refinery, Marine x2  
  28  2:42  Combat Shield  
  30  2:47  Engineering Bay  
  30  2:52  Marine  
  30  2:56  Marauder  
  33  2:59  SCV  
  33  3:00  Marine  
  33  3:03  Marine  
  36  3:14  Terran Infantry Weapons Level 1  
  36  3:17  Marine  
  36  3:18  Marauder  
  39  3:32  Supply Depot  
  39  3:54  Marine x4  
  43  4:01  Stimpack  
  43  4:04  Command Center  
  43  4:09  SCV  
  44  4:16  Marine x3  
  47  4:22  Supply Depot  
  47  4:31  Marauder  
  39  4:42  Marine x3  
  40  4:52  Marine  
  34  5:00  SCV  
  35  5:08  Factory  
  35  5:12  Marine x4  
  39  5:16  Orbital Command  
  39  5:20  Refinery  
  39  5:22  SCV  
  40  5:28  Terran Infantry Armor Level 1  
  40  5:31  Marine x2, Marauder  
  40  5:32  Marine  
  45  5:36  SCV  
  46  5:48  SCV x2  
  46  5:49  Marine x2  
  50  5:50  Marine  
  50  5:52  Marine  
  50  5:54  Starport  
  50  5:55  Factory Reactor  
  52  6:04  SCV x2  
  52  6:09  Marine x3  
  57  6:19  SCV x2  
  59  6:41  Armory, SCV x2  
  59  6:44  Factory Tech Lab  
  59  6:46  Refinery  
  61  6:50  Marine x3  
  61  6:51  Marine  
  61  6:53  Medivac x2  
  69  6:57  Command Center  
  69  7:17  Marine  
  70  7:25  Supply Depot  
  70  7:29  Supply Depot  
  70  7:32  Terran Infantry Weapons Level 2  
  70  7:34  Terran Vehicle Weapons Level 1  
  70  7:47  Marine x3, SCV, Medivac x2  
  70  7:48  Supply Depot  
  70  7:50  Thor, Marine  
  70  7:51  SCV  
  86  7:53  Supply Depot  
  86  8:02  SCV  
  87  8:11  Factory  
  87  8:14  Planetary Fortress  
  87  8:16  Marine  
  87  8:17  Marine x3, Refinery  
  87  8:19  SCV x2  
  93  8:25  Medivac x2  
  97  8:32  Refinery  
  97  8:36  SCV x2  
  99  8:46  Missile Turret  
  99  8:50  SCV  
  99  8:51  Marine, SCV x2  
  99  8:52  Marine x3  
  106  9:05  Missile Turret  
  106  9:09  Marine x2  
  103  9:26  Missile Turret  
  103  9:27  Marine x2  
  103  9:29  Thor  
  103  9:31  Medivac x2  
  113  9:32  Marine  
  113  9:33  Marine  
  113  9:34  SCV x3  
  120  9:45  Marine x2  
  121  9:46  SCV  
  121  9:50  Marine  
  124  10:10  SCV  
  125  10:19  Thor, Marine x2  
  125  10:21  Marine x2  
  134  10:28  Terran Vehicle Weapons Level 2  
  134  10:30  Factory Tech Lab  
  134  10:37  Marine  
  135  10:56  Thor  
  141  11:06  Supply Depot, Marine x4  
  141  11:10  Supply Depot  
  145  11:13  Terran Infantry Armor Level 2  
  145  11:18  Thor  
  151  11:24  Barracks  
  152  11:26  Marine x3  
  152  11:28  SCV x3  
  152  11:29  Supply Depot  
  152  11:32  Supply Depot  
  157  11:52  Command Center  
  157  11:54  Thor  
  157  11:56  Marine x3  
  157  11:59  SCV x2  
  168  12:01  Barracks Reactor  
  168  12:13  Barracks  
  168  12:14  Supply Depot  
  168  12:19  Thor  
  174  12:23  Viking  
  174  12:26  Viking  
  178  12:36  Supply Depot  
  174  12:44  Terran Vehicle And Ship Armor Level 1  
  142  12:57  SCV x3  
  119  13:05  Marine x5  
  113  13:09  SCV  
  117  13:21  Marine x2  
  117  13:23  Marine x5  
  117  13:26  Thor  
  130  13:38  Marine  
  130  13:39  Marine  
  130  13:40  Marine  
  130  13:41  Marine x4  
  137  13:48  Planetary Fortress  
  137  13:56  Marine  
  137  13:57  Marine  
  137  13:58  Marine x2  
  137  13:59  Marine x3, SCV x2  
  123  14:16  Missile Turret  
  74  14:37  Missile Turret  
  74  14:39  Marine x2  
  74  14:40  Marine x5  
  74  14:42  Thor  
  74  14:44  Thor  
  93  14:48  Medivac x2  
  97  14:53  SCV  
  97  14:55  SCV x3  
  97  14:57  Marine x4  
  97  14:58  Marine x2  
  97  14:59  Refinery  
  107  15:05  SCV  
  108  15:07  SCV  
  109  15:17  SCV  
  109  15:18  Medivac x2  
  109  15:19  Marine x6  
  109  15:20  Marine  
  121  15:25  Thor  
  127  15:37  Marine x3  
  130  15:42  Refinery  
  130  15:48  Medivac x2  
  103  16:01  SCV x2  
  69  16:06  Marine x3, Widow Mine  
  67  16:24  Marine x3  
Show
View Real Time Build Order
Export as new Build Order

DarkSoul Zerg - Winner!

Build Orders: Hatch First, Lurkers 

Get SALT Encoding   

  12  0:01  Drone  
  13  0:13  Overlord  
  13  0:18  Drone  
  14  0:31  Drone x2  
  16  0:42  Drone  
  17  0:48  Drone  
  18  0:57  Hatchery  
  18  1:00  Drone  
  18  1:15  Spawning Pool  
  18  1:16  Drone  
  18  1:20  Extractor  
  18  1:25  Drone  
  18  1:30  Drone  
  19  1:41  Overlord  
  19  1:55  Drone  
  20  2:08  Drone  
  21  2:09  Queen x2  
  21  2:11  Zergling x2  
  26  2:24  Overlord x2  
  26  2:32  Spine Crawler  
  25  2:37  Spine Crawler  
  25  2:38  Overlord  
  25  2:40  Drone x2  
  26  2:44  Metabolic Boost  
  26  2:56  Zergling x2  
  26  2:57  Zergling x4  
  29  3:14  Drone  
  29  3:15  Drone x3  
  33  3:23  Baneling Nest  
  32  3:42  Drone, Hatchery  
  32  3:43  Drone x4  
  35  4:02  Queen  
  37  4:04  Spine Crawler  
  37  4:09  Spine Crawler  
  35  4:10  Baneling x5  
  35  4:27  Zergling x18  
  43  4:35  Zergling x2  
  43  4:36  Zergling x6  
  45  4:43  Drone  
  45  4:44  Drone x2  
  46  5:02  Lair  
  46  5:06  Drone  
  50  5:07  Drone x3, Roach Warren  
  49  5:22  Queen  
  51  5:31  Drone  
  51  5:32  Drone x6  
  51  5:33  Overlord x2  
  58  5:44  Extractor  
  58  5:47  Drone x2, Extractor  
  58  5:50  Overlord x2  
  58  6:04  Baneling  
  58  6:05  Baneling x3  
  58  6:09  Drone x3  
  58  6:10  Drone x3  
  64  6:11  Centrifical Hooks  
  64  6:15  Drone  
  64  6:17  Drone x4  
  64  6:18  Drone x2  
  71  6:20  Drone x3  
  74  6:26  Extractor  
  74  6:28  Drone x3, Extractor  
  75  6:36  Glial Reconstitution  
  75  6:42  Queen  
  77  6:51  Drone  
  77  6:52  Drone  
  77  6:53  Drone x3  
  82  6:55  Drone x2  
  82  6:56  Drone x2  
  82  6:57  Drone  
  87  7:07  Drone x2, Evolution Chamber  
  88  7:11  Evolution Chamber  
  86  7:29  Hydralisk Den  
  85  7:30  Hatchery  
  85  7:31  Extractor  
  85  7:34  Overlord x4  
  85  7:35  Overlord  
  83  7:59  Grooved Spines  
  83  8:05  Zerg Missile Weapons Level 1, Zerg Ground Armor Level 1  
  83  8:17  Zergling x12  
  83  8:18  Zergling x36  
  107  8:23  Drone  
  108  8:36  Drone x6  
  114  8:46  Infestation Pit  
  113  8:49  Overlord x4  
  113  8:50  Overlord  
  96  9:11  Muscular Augments  
  89  9:17  Zergling x2  
  89  9:18  Zergling x28  
  104  9:32  Queen  
  104  9:36  Extractor  
  104  9:37  Extractor  
  104  9:38  Hydralisk x5  
  114  9:54  Baneling x5  
  114  9:55  Baneling x5  
  114  9:56  Baneling x5  
  114  9:59  Roach x11  
  136  10:02  Zerg Missile Weapons Level 2, Zerg Ground Armor Level 2  
  136  10:12  Drone x3  
  136  10:13  Drone  
  140  10:17  Drone x3  
  140  10:18  Drone x3  
  140  10:19  Drone x2  
  148  10:29  Zergling x2  
  148  10:30  Zergling x6  
  152  10:38  Hatchery  
  152  10:42  Hatchery  
  150  10:50  Overlord  
  150  10:51  Overlord x3  
  150  10:54  Zergling x2  
  150  10:55  Zergling x18  
  160  10:58  Hive  
  160  11:02  Spire  
  159  11:05  Lurker Den  
  158  11:25  Hatchery  
  157  11:29  Hydralisk x8  
  157  11:30  Hydralisk x10  
  193  11:56  Hydralisk x3  
  199  12:05  Overseer  
  199  12:10  Seismic Spines  
  180  12:50  Hydralisk x11  
  180  12:51  Hydralisk x18  
  173  13:00  Hydralisk  
  173  13:01  Hydralisk x14  
  178  13:07  Adaptive Talons  
  178  13:10  Overseer x3  
  178  13:11  Overseer  
  174  13:28  Lurker  
  174  13:29  Lurker x8  
  174  13:30  Zergling x2  
  174  13:31  Zergling x30  
  174  13:32  Zergling x2  
  200  13:42  Zerg Flyer Weapons Level 1  
  158  14:36  Zergling x2  
  158  14:37  Zergling x30  
  158  14:38  Zergling x30  
  189  14:57  Drone x3  
  189  14:58  Drone x3  
  193  15:14  Baneling  
  193  15:15  Baneling x24, Extractor  
  193  15:16  Baneling x31  
  193  15:17  Baneling x7, Extractor  
  181  15:51  Hatchery  
  157  16:09  Hydralisk x3  
  157  16:10  Hydralisk x16  
Tags
 
Composition
Lurkers
League
Gold
Matchup
TvZ
Spawn Locations
Cross Positions
Add a new tag
Caveats
  • Supply blocks, unpowered buildings, or Contaminate may cause inaccurate times.
  • Supply counts are checked every 10 seconds.